 Seeded DCSS version 0.28.0 (webtiles) character file.

Game seed: 13591998346360536447 (custom seed)

1075 hikkokomori the Skirmisher (level 8, -5/65 HPs)
             Began as a Formicid Fighter on Feb 19, 2022.
             Slain by an ogre (16 damage)
             ... on level 5 of the Dungeon.
             The game lasted 00:07:57 (4098 turns).

hikkokomori the Skirmisher (Formicid Fighter)       Turns: 4098, Time: 00:07:58

Health: -5/65      AC: 19    Str: 24    XL:     8   Next: 54%
Magic:  8/8        EV:  6    Int:  7    God:
Gold:   217        SH:  4    Dex: 10    Spells: 7/7 levels left

rFire   . . .      SeeInvis +   j - +3 double sword (vorpal)
rCold   . . .      Faith    .   c - +0 buckler
rNeg    . . .      Spirit   .   v - +4 plate armour
rPois   .          Reflect  .   (helmet unavailable)
rElec   .          Harm     .   (no cloak)
rCorr   .          Rampage  .   (no gloves)
Will    .....                   B - +1 pair of boots
Stlth   ..........              (no amulet)
HPRegen 0.20/turn               (no ring)
MPRegen 0.11/turn               (no ring)

@: studying 2 skills
A: permanent stasis, dig shafts and tunnels, antennae 3, four strong arms
a: Dig, Shaft Self


You were on level 5 of the Dungeon.
You visited 1 branch of the dungeon, and saw 5 of its levels.

You collected 217 gold pieces.

Inventory:

Hand Weapons
 a - a +0 long sword
 i - the +8 longbow "Zephyr" {speed, Dex+3 SInv}
   (You acquired it on level 2 of the Dungeon)

   Attacks with this weapon are significantly faster.
   Dex:       It affects your dexterity (+3).
   SInv:      It lets you see invisible.
 j - a +3 vorpal double sword (weapon)
Missiles
 f - 3 poisoned darts
 g - 29 arrows
Armour
 b - a +0 scale mail
 c - a +0 buckler (worn)
 q - a +0 chain mail
 v - a +4 plate armour (worn)
 B - a +1 pair of boots (worn)
Jewellery
 k - a ring of resist corrosion
 n - a ring of protection from fire
 p - a ring of protection from fire
Wands
 l - a wand of flame (50)
 A - a wand of charming (18)
 C - a wand of mindburst (17)
Scrolls
 e - 3 scrolls of teleportation
 m - a scroll of vulnerability {unknown}
 r - 2 scrolls of identify
 s - 2 scrolls of summoning {unknown}
 u - a scroll of torment {unknown}
 x - a scroll of amnesia {unknown}
 y - a scroll of acquirement
 z - 2 scrolls of magic mapping {unknown}
Potions
 d - a potion of might
 h - 3 potions of haste
 t - a potion of lignification {unknown}
 w - a potion of mutation {unknown}
 D - a potion of ambrosia {unknown}


   Skills:
 + Level 6.5 Fighting
 + Level 4.4 Long Blades
 + Level 5.2 Bows
 + Level 6.5 Armour
 - Level 4.4 Shields


You had 7 spell levels left.
You didn't know any spells.
Your spell library contained the following spells:

 Spells                   Type           Power      Damage    Failure   Level
 Static Discharge         Conj/Air       0%         N/A       100%        2
 Sublimation of Blood     Necr           0%         N/A       100%        2
 Wereblood                Tmut           0%         N/A       100%        2
 Ozocubu's Armour         Ice            0%         N/A       100%        3
 Dispel Undead            Necr           0%         3d6       100%        4
 Sticky Flame             Conj/Fire      0%         2d3       100%        4
 Ozocubu's Refrigeration  Ice            0%         4d5       100%        7
 Summon Hydra             Summ           0%         N/A       100%        7


Dungeon Overview and Level Annotations

Branches:
Dungeon (5/15)
 Temple: D:4-7

Altars:
Hepliaklqana
Sif Muna
The Shining One

Annotations:
D:3 2 transporters, jlumianski's ghost, amateur GrFE


Innate Abilities, Weirdness & Mutations

You cannot be hasted, slowed, berserked, paralysed or teleported.
You can dig through walls and to a lower floor.
You have a pair of large antennae on your head. (SInv)
Your four strong arms can wield two-handed weapons with a shield.


Message History

The gnoll sergeant is severely wounded.
You block the gnoll sergeant's attack.
The gnoll sergeant hits you with a +0 spear.
* * * LOW HITPOINT WARNING * * *
You hit the gnoll sergeant but do no damage.
The gnoll sergeant is severely wounded.
The gnoll sergeant hits you but does no damage.
You slice the gnoll sergeant!!
You kill the gnoll sergeant!
An ufetubus comes into view.
The ufetubus moves out of view.
You feel agile.
Your hands tingle!
i - the +8 longbow "Zephyr" (weapon)
{speed, Dex+3 SInv} The ufetubus shouts!
You hear a howl!
Fire: 33 arrows
Press: ? - help, Q - select action, (/) - cycle Shift-Dir - straight line, f - ufetubus
Aim: an ufetubus (55% to hit)
You shoot an arrow. The arrow hits the ufetubus.
The ufetubus is severely wounded.
You hear a shout!
An ogre comes into view. It is wielding a +0 giant spiked club.
Fire: 32 arrows
Press: ? - help, Q - select action, (/) - cycle Shift-Dir - straight line, f/p - ufetubus
Aim: an ufetubus (severely wounded, 55% to hit)
You shoot an arrow. The arrow hits the ufetubus!!
You kill the ufetubus!
Fire: 31 arrows
Press: ? - help, Q - select action, (/) - cycle Shift-Dir - straight line, f - ogre
Aim: an ogre, wielding a +0 giant spiked club (80% to hit)
You shoot an arrow. The arrow hits the ogre.
The ogre is lightly wounded.
Fire: 30 arrows
Press: ? - help, Q - select action, (/) - cycle Shift-Dir - straight line, f/p - ogre
Aim: an ogre, wielding a +0 giant spiked club (lightly wounded, 80% to hit)
You shoot an arrow. The arrow hits the ogre!
The ogre is heavily wounded.
j - a +3 vorpal double sword (weapon)
The ogre hits you with a +0 giant spiked club!
You die...

.......... ## .........#
##.## .........##{.#..#
#...........##.
#....#.#....... {
#.....g{###...#
#............##
#.#######(.##..#
#.((O@)(....# #
####################...#..#
..........................#
...##.....##########+######
##.##.†...####
#.##........#
##.##........#
##.##........##
##.##.........#


You could see an ogre.

Vanquished Creatures
  Edmund (D:4)
  An ice beast (D:5)
  2 ogres (D:5)
  A sky beast (D:5)
  A gnoll sergeant (D:5)
  A bullfrog zombie (D:5)
  A hound (D:4)
  An orc priest (D:5)
  2 bullfrog skeletons
  A jelly (D:5)
  Ijyb (D:5)
  2 iguanas (D:5)
  Natasha (thrice) (D:2)
  An orc wizard (D:5)
  2 hound skeletons (D:4)
  3 gnolls (D:4)
  3 adders
  An ufetubus (D:5)
  2 adder skeletons (D:4)
  3 worms
  5 dart slugs
  2 orcs
  3 bats
  8 endoplasms
  2 giant cockroaches
  10 hobgoblins
  5 jackals
  8 kobolds
  3 quokkas
  5 ball pythons
  A frilled lizard (D:2)
  4 goblins
  9 rats
  A spectral hobgoblin (D:4)
99 creatures vanquished.

Notes
Turn   | Place    | Note
-------+----------+-------------------------------------------
     0 | D:1      | hikkokomori the Formicid Fighter began the quest for the
                  | Orb.
     0 | D:1      | Reached XP level 1. HP: 18/18 MP: 1/1
   268 | D:1      | Reached XP level 2. HP: 20/24 MP: 2/2
   455 | D:1      | Reached XP level 3. HP: 17/29 MP: 3/3
  1057 | D:2      | Noticed Natasha
  1064 | D:2      | Killed Natasha
  1065 | D:2      | Reached XP level 4. HP: 19/37 MP: 4/4
  1070 | D:2      | Identified 2 scrolls of acquirement
  1170 | D:2      | Noticed Natasha
  1176 | D:2      | Acquired the +8 longbow "Zephyr" {speed, Dex+3 SInv}
  1176 | D:2      | Found the +8 longbow "Zephyr" {speed, Dex+3 SInv}
  1183 | D:2      | Killed Natasha
  1196 | D:2      | Noticed Natasha
  1199 | D:2      | Killed Natasha
  1200 | D:2      | Reached XP level 5. HP: 26/42 MP: 5/5
  1333 | D:2      | Found a faded altar of an unknown god.
  1444 | D:2      | Acquired a +3 vorpal double sword
  1445 | D:2      | Acquired a manual of Bows
  1697 | D:2      | Reached skill level 1 in Bows
  2300 | D:3      | Found a glowing golden altar of the Shining One.
  2539 | D:3      | Noticed jlumianski's ghost (amateur GrFE)
  2540 | D:3      | Found a transporter.
  2794 | D:3      | Found a transporter.
  3013 | D:4      | Reached XP level 6. HP: 44/49 MP: 6/6
  3353 | D:4      | Found a hazy altar of Hepliaklqana.
  3606 | D:5      | Entered Level 5 of the Dungeon
  3611 | D:5      | Reached skill level 5 in Fighting
  3611 | D:5      | Reached skill level 5 in Armour
  3613 | D:5      | Noticed Edmund
  3613 | D:5      | Noticed an ogre
  3614 | D:5      | Reached XP level 7. HP: 56/56 MP: 7/7
  3628 | D:4      | Killed Edmund
  3717 | D:5      | Noticed Ijyb
  3734 | D:5      | Killed Ijyb
  3871 | D:5      | Reached XP level 8. HP: 61/64 MP: 8/8
  3908 | D:5      | Found a shimmering blue altar of Sif Muna.
  4085 | D:5      | Reached skill level 5 in Bows
  4098 | D:5      | Slain by an ogre

Illustrated notes

Levels and vault maps discovered:
D:1:      wander_arrival_fairy_ring, layout_basic, chequers_serial_rivers_room_a
D:2:      layout_loops_ring, shapermc_ecumenical_altar_venn, uniq_natasha
D:3:      layout_loops_ring, mainiacjoe_overflow_chevrons,
          gammafunk_ghost_arena, hangedman_glass_teeth
D:4:      layout_basic, nicolae_hepliaklqana_monster_ancestors,
          due_unseen_surprise
D:5:      layout_basic, lemuel_doored_altar, overflow_temple_1_default,
          amethyst_overflow_temple_binary, minmay_manual_mess, uniq_ijyb,
          uniq_edmund, uniq_sigmund, uniq_menkaure

Skill      XL: |  1  2  3  4  5  6  7  8 |
---------------+-------------------------+-----
Shields        | 4 |  4.4
Fighting       | 4 5 6 |  6.5
Armour         | 4 5 6 |  6.5
Bows           | 1 3 4 5 |  5.2
Long Blades    | 3 4 |  4.4

Action                   |  1- 3 |  4- 6 |  7- 9 || total
-------------------------+-------+-------+-------++-------
Melee: Long sword        |    80 |    30 |       ||   110
       Double sword      |       |    80 |    52 ||   132
 Fire: Longbow           |       |    18 |     6 ||    24
 Abil: Dig               |       |     1 |       ||     1
Evoke: Wand              |       |       |     1 ||     1
  Use: Scroll            |       |     6 |       ||     6
       Potion            |       |       |     1 ||     1
Armor: Scale mail        |    39 |    17 |       ||    56
       Chain mail        |       |     9 |       ||     9
       Plate armour      |       |    32 |    36 ||    68
Dodge: Dodged            |    36 |    30 |    11 ||    77
Block: Buckler           |    21 |    23 |     8 ||    52
